 Dungeon Crawl Stone Soup version 0.16-a0-3770-gc215ce9 (webtiles) character file.

51 TIT the Shooter (level 3, 0/20 HPs)
             Began as a Tengu Arcane Marksman on Jan 24, 2015.
             Slain by an adder (1 damage)
             ... on level 2 of the Dungeon.
             The game lasted 00:05:24 (1414 turns).

TIT the Shooter (Tengu Arcane Marksman)             Turns: 1414, Time: 00:05:24

Health: 0/20       AC:  3    Str: 11    XL:     3   Next: 83%
Magic:  4/5        EV: 12    Int: 19    God:
Gold:   33         SH:  0    Dex: 13    Spells: 1 memorised, 3 levels left

rFire  . . .     SeeInvis .     b - +0 shortbow
rCold  . . .     Clarity  .     a - +0 robe
rNeg   . . .     SustAb   .     (no shield)
rPois  .         Gourm    .     (helmet restricted)
rElec  .         Spirit   .     (no cloak)
rCorr  .         Warding  .     l - +0 pair of gloves
rMut   .         Stasis   .     (boots unavailable)
MR     .....                    (no amulet)
Stlth  +.........               (no ring)
                                (no ring)

@: brilliant, lethally poisoned, very slightly contaminated, hasted, very quick,
not resistant to hostile enchantments, very unstealthy
A: beak, talons 3
a: no special abilities


You were on level 2 of the Dungeon.
You were hungry.

You visited 1 branch of the dungeon, and saw 2 of its levels.

You collected 33 gold pieces.

Inventory:

Hand weapons
 b - a +0 shortbow (weapon)
Missiles
 c - 5 arrows (quivered)
Armour
 a - a +0 robe (worn)
 l - a +0 pair of gloves (worn)
 q - a +0 pair of gloves
 t - a cursed -1 ring mail
Scrolls
 i - 2 scrolls of amnesia
 k - a scroll of remove curse {unknown}
 p - a scroll of magic mapping {unknown}
Potions
 m - a potion of heal wounds {unknown}
 n - a potion of curing {unknown}
 s - a potion of poison {unknown}
Books
 d - a book of Debilitation

   Spells                             Type                      Level
   a - Corona                         Hexes                        1
   b - Slow                           Hexes                        2
   c - Inner Flame                    Hexes/Fire                   3
   d - Enslavement                    Hexes                        4
   e - Cause Fear                     Hexes                        4
   f - Leda's Liquefaction            Hexes/Earth                  4
Comestibles
 f - 2 bread rations
 o - a slice of pizza
 r - 2 chunks of flesh


   Skills:
 - Level 1.0 Fighting
 - Level 3.1 Bows
 - Level 2.1 Dodging
 + Level 2.9 Unarmed Combat
 - Level 1.0 Spellcasting
 - Level 2.1 Hexes


You had 3 spell levels left.
You knew the following spells:

 Your Spells              Type           Power        Failure   Level  Hunger
a - Corona                Hex            ###....      1%          1    ##.....


Dungeon Overview and Level Annotations

Branches:
Dungeon (2/15)

Altars:


Innate Abilities, Weirdness & Mutations

You have a beak for a mouth.
You have claws for feet.


Message History

Press: ? - help, Shift-Dir - straight line, f/p - adder
Aim: an adder (heavily wounded)
You shoot an arrow. The arrow hits the adder.
The adder is severely wounded.
The adder closely misses you. The adder bites you.
* * * LOW HITPOINT WARNING * * *
Drink which item? (? for menu, Esc to quit)
It was a potion of brilliance.
You feel clever all of a sudden. The adder bites you.
* * * LOW HITPOINT WARNING * * *
You are more poisoned.
The adder poisons you!
Drink which item? (? for menu, Esc to quit)
It was a potion of haste.
You feel yourself speed up.
* * * LOW HITPOINT WARNING * * *
You feel sick. The adder bites you but does no damage.
Drink which item? (? for menu, Esc to quit)
It was a potion of restore abilities.
You feel refreshed. The adder bites you.
You die...

#.# #.# #.# # #.#
... #.###....#
#.........
#.##.#####.........
#..........###....#
#(##.....@...# ...
#....S....# ..
#.....(...#
#.....$...#
##(....)..#
#........#
#.....>..+
........# ###


You could see an adder.

Vanquished Creatures
  Ijyb (D:2)
  5 bats
  A giant cockroach (D:1)
  3 hobgoblins (D:1)
  12 jackals
  A quokka (D:2)
  4 goblins
  2 kobolds (D:1)
  3 rats (D:1)
32 creatures vanquished.

Notes
Turn   | Place    | Note
--------------------------------------------------------------
     0 | D:1      | TIT, the Tengu Arcane Marksman, began the quest for the Orb.
     0 | D:1      | Reached XP level 1. HP: 12/12 MP: 2/2
   210 | D:1      | Reached skill level 3 in Bows
   210 | D:1      | Reached XP level 2. HP: 16/16 MP: 2/4
   520 | D:1      | Reached skill level 1 in Unarmed Combat
   963 | D:2      | Reached XP level 3. HP: 18/20 MP: 1/5
   964 | D:2      | Noticed Ijyb
  1041 | D:2      | Killed Ijyb
  1413 | D:2      | HP: 1/20 [poisoned by an adder]
  1414 | D:2      | Slain by an adder

Action                   || total
-------------------------++-------
Melee: Unarmed           ||    80
 Fire: Shortbow          ||    57
 Cast: Corona            ||    25
  Use: Potion            ||     3
       Scroll            ||     2
  Eat: Chunk             ||     2
